[Event "*** SCC Grand Prix: Titled Tuesday Blitz"]
[Site "Chess.com"]
[Date "2020.06.23"]
[Round "4"]
[White "viditchess"]
[Black "gmcorrales"]
[Result "1/2-1/2"]
[WhiteElo "3020"]
[BlackElo "2822"]
[TimeControl "180+1"]
[EndTime "10:37:46 PDT"]
[Termination "Game drawn by agreement"]

1. d4 Nf6 2. c4 g6 3. g3 Bg7 4.
Bg2 d5 5. Nf3 O-O 6. O-O Nc6 7.
Na3 Re8 8. Bf4 dxc4 9. Nxc4 Nd5 10.
Bg5 Nb6 11. Nxb6 axb6 12. Be3 Be6 13. a3 Bd5 14. Rc1 Rb8 15. Qc2 Bxf3 16. Bxf3 Nxd4 17. Bxd4 Qxd4 18. Qxc7 Qxb2 19. Rb1 Qxa3 20. Rxb6 Rec8 21.
Qd7 Rd8 22. Qb5 Qa7 23. Rxb7 Rxb7 24. Qxb7 Qxb7 25. Bxb7 1/2-1/2

[Event "*** SCC Grand Prix: Titled Tuesday Blitz"]
[Site "Chess.com"]
[Date "2020.06.23"]
[Round "4"]
[White "Semetey"]
[Black "StephenDedalus83"]
[Result "0-1"]
[WhiteElo "2530"]
[BlackElo "2762"]
[TimeControl "180+1"]
[EndTime "10:37:46 PDT"]
[Termination "StephenDedalus83 won on time"]

1. d4 Nf6 2. Nc3 g6 3. Bf4 d6 4. Qd2 Nbd7 5. Nf3 c5 6. d5 Qa5 7. e4 Bg7 8. Bd3 a6 9. O-O b5 10. e5 dxe5 11. Nxe5 Nxe5 12. Bxe5 O-O 13. d6 exd6 14.
Bxd6 Rd8 15. Bxc5 b4 16. Qe3 Re8 17. Ne4 Nxe4 18. Bxe4 Bb7 19. Bxb7 Rxe3 20. Bxe3 Rb8 21. Bf3 Bxb2 22. Rab1 Bc3 23. Rfd1 Qxa2 24. Bd5 Qxc2 25. Bb3 Qf5 26. Rbc1 a5 27. Bd4 Rc8 28. Bb6 Qb5 29. Bd4 a4 30. Bxc3 Rxc3 31. Rxc3 bxc3 32. Ba2 c2 33. Rc1 Qb2 0-1

[Event "*** SCC Grand Prix: Titled Tuesday Blitz"]
[Site "Chess.com"]
[Date "2020.06.23"]
[Round "4"]
[White "RianKapriaga"]
[Black "ruslansezdbekov"]
[Result "0-1"]
[WhiteElo "2187"]
[BlackElo "2575"]
[TimeControl "180+1"]
[EndTime "10:37:47 PDT"]
[Termination "ruslansezdbekov won by checkmate"]

1. d4 Nf6 2. Nf3 d5 3. Bf4 e6 4. e3 Bd6 5. Ne5 O-O 6. Nd2 c5 7. c3 Nc6 8. Bd3 Qc7 9. Ndf3 b6 10. O-O Ne7 11. Bg3 Ne4 12. Qc2 Bb7 13. a4 f6 14.
Ng4 h5 15. Bxd6 Qxd6 16. Bxe4 dxe4 17. Nd2 hxg4 18. Nxe4 Qc6 19. f3 Rad8 20. Qf2 gxf3 21. gxf3 Nf5 22. Rae1 Kf7 23. Kh1 Rh8 24. Rg1 Nh4 25.
Qg3 Rh7 26. Ref1 Rdh8 27. Rf2 Nxf3 28. Qg6+ Ke7 29. Nxf6 Rxh2+ 30. Rxh2 Rxh2# 0-1

[Event "*** SCC Grand Prix: Titled Tuesday Blitz"]
[Site "Chess.com"]
[Date "2020.06.23"]
[Round "4"]
[White "Kumi29"]
[Black "Ze-Pequeno"]
[Result "1/2-1/2"]
[WhiteElo "2387"]
[BlackElo "2162"]
[TimeControl "180+1"]
[EndTime "10:37:47 PDT"]
[Termination "Game drawn - insufficient material"]

1. e4 Nf6 2. Nc3 e5 3. f4 d5 4. fxe5 Nxe4 5. Qf3 Nxc3 6. dxc3 Be7 7. Bd3 O-O 8. Qh5 g6 9. Qh6 Nc6 10. h4 Nxe5 11.
h5 Nxd3+ 12. cxd3 Bf5 13. hxg6 Bxg6 14. Bf4 Re8 15. O-O-O Bf8 16. Qg5 Qxg5 17. Bxg5 Bg7 18. Nf3 Re2 19. Rd2 Rae8 20. Nh4 Re1+ 21. Rxe1 Rxe1+ 22. Kc2 c6 23. Nxg6 fxg6 24. Kb3 h6 25. Bd8 h5 26. a4 Bf8 27. a5 a6 28. Rf2 Re8 29. Bh4 Re6 30. d4 Be7 31. Bxe7 Rxe7 32. Kb4 Kg7 33. Kc5 g5 34. Kd6 Rf7 35. Rxf7+ Kxf7 36. Kc7 g4 37. Kxb7 h4 38. Kxa6 h3 39. gxh3 gxh3 40. Kb7 h2 41. a6 h1=Q 42. a7 Qb1 43. a8=Q Qxb2+ 44. Kxc6 Qxc3+ 45. Kd6 Qxd4 46. Qxd5+ Qxd5+ 47. Kxd5 1/2-1/2

[Event "*** SCC Grand Prix: Titled Tuesday Blitz"]
[Site "Chess.com"]
[Date "2020.06.23"]
[Round "4"]
[White "Irina_Barchuk"]
[Black "axlbvRR"]
[Result "1-0"]
[WhiteElo "2194"]
[BlackElo "1863"]
[TimeControl "180+1"]
[EndTime "10:37:47 PDT"]
[Termination "Irina_Barchuk won by resignation"]

1. e4 e6 2. d4 d5 3. Nc3 Nf6 4. e5 Nfd7 5. f4 c5 6. Nf3 Nc6 7. Be3 cxd4 8. Nxd4 Bb4 9. Qd2 O-O 10. Bd3 Nxd4 11. Bxd4 f6 12. exf6 Nxf6 13. O-O Bd7 14. a3 Bd6 15. Rae1 Qe8 16. Bxf6 Rxf6 17. Nxd5 Rh6 18.
Ne3 Bc6 19. Bxh7+ Rxh7 20. Qxd6 Qh5 21. Qxe6+ Kh8 22. h3 Re8 23. Qg4 Qc5 24. Qf5 Rh6 25.
Qxc5 1-0

[Event "*** SCC Grand Prix: Titled Tuesday Blitz"]
[Site "Chess.com"]
[Date "2020.06.23"]
[Round "4"]
[White "ChronicUnhappiness"]
[Black "CrushingKings"]
[Result "1-0"]
[WhiteElo "2355"]
[BlackElo "2506"]
[TimeControl "180+1"]
[EndTime "10:37:52 PDT"]
[Termination "ChronicUnhappiness won by resignation"]

1. c4 g6 2. d4 Bg7 3. Nc3 c5 4.
d5 d6 5. Nf3 Bxc3+ 6. bxc3 Qa5 7. Bd2 Bg4 8. g3 Nd7 9. Bg2 Bxf3 10. exf3 Ngf6 11. O-O O-O-O 12. Re1 Rde8 13. Bh3 Kb8 14.
Qb3 Ne5 15. Bg2 Qa6 16. f4 Nxc4 17. Bc1 Nb6 18. Bf1 Qa4 19. c4 h5 20. h4 Qxb3 21. axb3 Nc8 22. Bb2 b6 23. Bh3 a5 24. Re2 Kc7 25.
Rae1 Rh7 26. Bxf6 1-0

[Event "*** SCC Grand Prix: Titled Tuesday Blitz"]
[Site "Chess.com"]
[Date "2020.06.23"]
[Round "4"]
[White "Sammed_Shete"]
[Black "WonderChampion"]
[Result "1-0"]
[WhiteElo "2569"]
[BlackElo "2038"]
[TimeControl "180+1"]
[EndTime "10:37:55 PDT"]
[Termination "Sammed_Shete won by resignation"]

1. e4 c5 2. Nf3 g6 3. g3 Bg7 4. Bg2 Nc6 5. Nc3 e6 6. O-O Nge7 7. d3 O-O 8. Re1 h6 9. h4 a6 10. e5 Qc7 11. Bf4 b5 12. Ne4 Nxe5 13. Nxe5 Bxe5 14.
Nf6+ Kg7 15. Bxe5 Qd8 16. Nxd7+ f6 17. Nxf6 Rxf6 18. Bxa8 Qf8 19. Qf3 Nf5 20. g4 Nxh4 21.
Qxf6+ Qxf6 22. Bxf6+ Kxf6 23. f4 g5 24. fxg5+ hxg5 25. Kf2 Bd7 26. Rh1 e5 27. Kg3 Ng6 28. Rh6 Kg7 29. Rxg6+ Kxg6 30. Rf1 Be6 31. Be4+ Kg7 32. b3 a5 33. Bf5 Bd5 34. c4 bxc4 35. bxc4 Bf7 36. Rb1 a4 37. Rb7 Kf8 38. Kf3 a3 39. Ke4 Be8 40. Kxe5 Bc6 41. Rc7 Bf3 42. Kf6 1-0

[Event "*** SCC Grand Prix: Titled Tuesday Blitz"]
[Site "Chess.com"]
[Date "2020.06.23"]
[Round "4"]
[White "Mikhal867"]
[Black "yamalchess"]
[Result "0-1"]
[WhiteElo "2316"]
[BlackElo "2471"]
[TimeControl "180+1"]
[EndTime "10:37:55 PDT"]
[Termination "yamalchess won by resignation"]

1. c4 f5 2. Nc3 Nf6 3. g3 g6 4.
Bg2 Bg7 5. b4 a5 6. b5 e5 7. Bb2 c5 8. Nd5 d6 9. e3 O-O 10. Ne2 Nbd7 11. O-O Nb6 12. Nxf6+ Bxf6 13. d4 e4 14. Qb3 a4 15. Qc2 a3 16. Bc1 Ra4 17.
Qb3 Be6 18. d5 Bf7 19. Bxa3 Rxc4 20. Nf4 Rc3 21. Qb2 Rxe3 22. Qc1 Rxa3 23. Qxa3 Bxa1 24.
Rxa1 Nxd5 25. Rd1 Nxf4 26. gxf4 b6 27. Qa7 d5 28. a4 Qb8 29. Qa6 d4 30. Rc1 d3 31. Rd1 Bb3 32. Rb1 d2 0-1

[Event "*** SCC Grand Prix: Titled Tuesday Blitz"]
[Site "Chess.com"]
[Date "2020.06.23"]
[Round "4"]
[White "Squirlolz"]
[Black "LionTheLeon_06"]
[Result "1-0"]
[WhiteElo "2516"]
[BlackElo "2689"]
[TimeControl "180+1"]
[EndTime "10:37:56 PDT"]
[Termination "Squirlolz won by resignation"]

1. b3 Nf6 2. Bb2 e6 3. e3 b6 4. f4 Bb7 5. Nf3 c5 6. Be2 d6 7.
O-O Nbd7 8. d3 g6 9. Qe1 Bg7 10.
Nbd2 O-O 11. e4 Qe7 12. h3 b5 13. g4 a6 14. f5 exf5 15. gxf5 gxf5 16. Nh4 Kh8 17. Nxf5 Qe6 18. Nxg7 Rg8 19. Kh2 Rxg7 20. Qh4 Rag8 21. Rxf6 Nxf6 22. Bxf6 d5 23. Rg1 dxe4 24. Bxg7+ Rxg7 25. Qd8+ 1-0

[Event "*** SCC Grand Prix: Titled Tuesday Blitz"]
[Site "Chess.com"]
[Date "2020.06.23"]
[Round "4"]
[White "FMJoseHerrera"]
[Black "Hikaru"]
[Result "0-1"]
[WhiteElo "2565"]
[BlackElo "3211"]
[TimeControl "180+1"]
[EndTime "10:37:57 PDT"]
[Termination "Hikaru won by resignation"]

1. Nf3 d5 2. g3 g6 3. Bg2 Bg7 4.
d3 e5 5. Nc3 Ne7 6. h4 h6 7. e4 d4 8. Ne2 c5 9. Bd2 Nbc6 10.
Qc1 Be6 11. O-O c4 12. dxc4 Bxc4 13. Re1 Rc8 14. b3 Be6 15. c4 Qd7 16. Kh2 b5 17. c5 g5 18. Kg1 f6 19. a4 b4 20. a5 d3 21. Nf4 gxf4 22. gxf4 Bh3 23. f5 Bxg2 24.
Kxg2 Nd4 25. Nxd4 Qxd4 26. Qd1 h5 27. Ra4 Nc6 28. Re3 Rd8 29. Rg3 Qxe4+ 30. Kh2 Bf8 31. Be3 d2 32. a6 Qxh4+ 33. Kg1 Qe4 34. Ra1 h4 35. Rg2 h3 36. Rh2 Rg8+ 37. Kf1 Qd3+ 0-1

[Event "*** SCC Grand Prix: Titled Tuesday Blitz"]
[Site "Chess.com"]
[Date "2020.06.23"]
[Round "4"]
[White "Moon_stone123"]
[Black "Tooweak2slow03"]
[Result "0-1"]
[WhiteElo "2463"]
[BlackElo "2652"]
[TimeControl "180+1"]
[EndTime "10:37:58 PDT"]
[Termination "Tooweak2slow03 won by resignation"]

1. Nf3 e6 2. g3 b6 3. Bg2 Bb7 4. O-O f5 5. c4 Nf6 6. Nc3 Bb4 7. Qc2 O-O 8. d3 Qe8 9. a3 Bxc3 10. Qxc3 d6 11. b4 a5 12. Bb2 Nbd7 13. Rfe1 Qh5 14. Qd2 e5 15. Bc3 axb4 16. axb4 f4 17.
Rxa8 Bxa8 18. Ra1 e4 19. dxe4 Nxe4 20. Qd3 Ndf6 21. Bxf6 Nxf6 22. Qd4 fxg3 23. hxg3 Qe8 24. e3 Qh5 25. Ra7 Bxf3 26. Rxc7 Ne8 27. Re7 Bxg2 28. Kxg2 Qf3+ 29. Kh3 Qxf2 30. Qd5+ Kh8 31. Qh5 Qf1+ 32. Kh4 Qh1+ 33. Kg4 Nf6+ 34. Kg5 Qxh5+ 35. Kf4 Nd5+ 0-1

[Event "*** SCC Grand Prix: Titled Tuesday Blitz"]
[Site "Chess.com"]
[Date "2020.06.23"]
[Round "4"]
[White "TimKett"]
[Black "Atanejhad"]
[Result "1-0"]
[WhiteElo "2225"]
[BlackElo "2393"]
[TimeControl "180+1"]
[EndTime "10:37:58 PDT"]
[Termination "TimKett won by resignation"]

1. e4 c5 2. Nf3 g6 3. c3 Bg7 4.
d4 cxd4 5. cxd4 d5 6. exd5 Nf6 7. Bb5+ Nbd7 8. Nc3 O-O 9. O-O Nb6 10. Bg5 Nbxd5 11.
Re1 Bg4 12. h3 Bxf3 13. Qxf3 Nb6 14. Rad1 h6 15. Bh4 g5 16. Bg3 e6 17. Qxb7 Nfd5 18. Nxd5 Nxd5 19. Bc6 Rb8 20. Bxb8 Qxb8 21. Qxb8 Rxb8 22.
Bxd5 exd5 23. b3 Rb4 24. Re8+ Kh7 25. Rd8 1-0

[Event "*** SCC Grand Prix: Titled Tuesday Blitz"]
[Site "Chess.com"]
[Date "2020.06.23"]
[Round "4"]
[White "AradNazari"]
[Black "gumimis"]
[Result "1-0"]
[WhiteElo "2392"]
[BlackElo "2145"]
[TimeControl "180+1"]
[EndTime "10:37:59 PDT"]
[Termination "AradNazari won by checkmate"]

1. e4 c6 2. d4 d5 3. Nc3 dxe4 4. Nxe4 Bf5 5. Ng3 Bg6 6. Nh3 Nf6 7. Nf4 e5 8. dxe5 Qa5+ 9. Bd2 Qxe5+ 10. Be2 Bc5 11.
O-O O-O 12. Nd3 Bxd3 13. Bxd3 Nbd7 14. Bc3 Qc7 15. Nh5 Nxh5 16. Qxh5 g6 17. Qh6 f6 18. Rae1 Ne5 19. Be4 Rae8 20. h3 b5 21. a3 a5 22. b4 axb4 23. axb4 Bb6 24. Kh1 f5 25. f4 Nc4 26. Bxc6 Rxe1 27. Bd5+ Rf7 28.
Qg7# 1-0

[Event "*** SCC Grand Prix: Titled Tuesday Blitz"]
[Site "Chess.com"]
[Date "2020.06.23"]
[Round "4"]
[White "manmanlai1"]
[Black "bgfbfbgfbgfgf"]
[Result "1-0"]
[WhiteElo "2433"]
[BlackElo "2615"]
[TimeControl "180+1"]
[EndTime "10:38:02 PDT"]
[Termination "manmanlai1 won by resignation"]

1. e4 c5 2. Nf3 d6 3. Bb5+ Nd7 4. d4 cxd4 5. Qxd4 a6 6. Bxd7+ Bxd7 7. O-O Bc6 8. c4 h6 9. Nc3 e5 10. Qd3 Nf6 11. a4 Be7 12. Rd1 O-O 13. Nd2 Rc8 14. Nf1 Nd7 15. Ne3 Nc5 16. Qc2 Ne6 17. Ned5 b5 18.
axb5 axb5 19. Be3 bxc4 20. Ra7 Bg5 21. Bxg5 Qxg5 22. Ne7+ Kh7 23. Nxc8 Rxc8 24. f3 Nd4 25. Qf2 f5 26. Ne2 fxe4 27. Nxd4 e3 28. Qc2+ Kh8 29.
Nxc6 1-0

[Event "*** SCC Grand Prix: Titled Tuesday Blitz"]
[Site "Chess.com"]
[Date "2020.06.23"]
[Round "4"]
[White "aa175"]
[Black "H3nriqueTV"]
[Result "1-0"]
[WhiteElo "2405"]
[BlackElo "2198"]
[TimeControl "180+1"]
[EndTime "10:38:02 PDT"]
[Termination "aa175 won by resignation"]

1. d4 d5 2. Bf4 Nf6 3. e3 c6 4. Bd3 Ne4 5. Nd2 f5 6. Ngf3 e6 7. Ne5 g6 8. h4 Bd7 9. h5 g5 10.
Bg3 Qf6 11. h6 Bd6 12. Qh5+ Kf8 13. Nxd7+ Nxd7 14. Nxe4 dxe4 15. Bxd6+ Kg8 16. Bc4 b5 17. Qxg5+ Kf7 18. Qh5+ Qg6 19. Be2 Nf6 20. Qxg6+ Kxg6 21. Be5 Rhc8 22. Bxf6 Kxf6 23. O-O-O a5 24. g4 a4 25. gxf5 exf5 26. Rhg1 Rg8 27. c4 b4 28.
Rg7 Rxg7 29. hxg7 Kxg7 30. d5 c5 31. b3 axb3 32. axb3 Ra2 33. d6 Ra1+ 34. Kb2 Ra8 35. d7 Rd8 36. Bh5 Kf6 37. Be8 Ke7 38. Rh1 h5 39.
Rxh5 Ra8 40. Rxf5 Kd8 41. Rxc5 Ra6 42. Re5 1-0

[Event "*** SCC Grand Prix: Titled Tuesday Blitz"]
[Site "Chess.com"]
[Date "2020.06.23"]
[Round "4"]
[White "Quiet_Desperation"]
[Black "HanSchut"]
[Result "1/2-1/2"]
[WhiteElo "1926"]
[BlackElo "2201"]
[TimeControl "180+1"]
[EndTime "10:38:03 PDT"]
[Termination "Game drawn by repetition"]

1. e4 c5 2. d4 cxd4 3. c3 g6 4.
Bc4 Bg7 5. Nf3 d5 6. Bxd5 Nf6 7. Bb3 Nxe4 8. cxd4 O-O 9. O-O Nc6 10. Be3 Bg4 11.
Nc3 Nxc3 12. bxc3 Rc8 13. h3 Bxf3 14. Qxf3 Na5 15. Rfc1 b5 16. Rab1 a6 17. Bg5 Qd7 18. Re1 e6 19. d5 Nxb3 20. Rxb3 Qxd5 21. Qg3 h6 22. Be3 Rxc3 23. Rxc3 Bxc3 24. Rc1 Bg7 25. Qc7 Qxa2 26. Qb7 h5 27. Rc6 Be5 28. g3 Qe2 29. Kg2 Rd8 30. Rxa6 Rd1 31. Qc8+ Kg7 32.
Ra8 Qf1+ 33. Kf3 Qh1+ 34. Ke2 Qf1+ 35. Kf3 Qh1+ 36. Ke2 Qf1+ 37. Kf3 1/2-1/2

[Event "*** SCC Grand Prix: Titled Tuesday Blitz"]
[Site "Chess.com"]
[Date "2020.06.23"]
[Round "4"]
[White "AlexOstrovskiy"]
[Black "korbul"]
[Result "1-0"]
[WhiteElo "2710"]
[BlackElo "2506"]
[TimeControl "180+1"]
[EndTime "10:38:04 PDT"]
[Termination "AlexOstrovskiy won by resignation"]

1. e4 c5 2. a3 e5 3. Nc3 Nf6 4. Bc4 Be7 5. d3 O-O 6. f4 exf4 7.
Bxf4 d6 8. Nf3 a6 9. O-O Nc6 10. h3 Be6 11. Nd5 b5 12. Ba2 Rc8 13. c3 Nd7 14.
Qd2 Nde5 15. Rae1 Re8 16. Kh1 Bf8 17. Ng5 Ng6 18. Nxe6 fxe6 19. Bg5 Qa5 20. b4 Qxa3 21. Ra1 cxb4 22. Nxb4 Qa4 23. Bxe6+ Rxe6 24. Rxa4 bxa4 25. Nxc6 Rxc6 26. Qa2 1-0

[Event "*** SCC Grand Prix: Titled Tuesday Blitz"]
[Site "Chess.com"]
[Date "2020.06.23"]
[Round "4"]
[White "Chessdreamer2020"]
[Black "emperor87"]
[Result "0-1"]
[WhiteElo "2436"]
[BlackElo "2707"]
[TimeControl "180+1"]
[EndTime "10:38:07 PDT"]
[Termination "emperor87 won on time"]

1. e4 c5 2. Nf3 d6 3. Bb5+ Nd7 4.
d4 cxd4 5. Qxd4 Nf6 6. O-O e5 7. Qd3 h6 8. c4 Be7 9. Nc3 O-O 10. Bxd7 Bxd7 11. b3 Bc6 12. Nd5 Nxd5 13. cxd5 Bd7 14. Nd2 f5 15. f3 Qb6+ 16. Kh1 Bb5 17. Nc4 Qd4 18. Qxd4 exd4 19. Bb2 fxe4 20. fxe4 Rxf1+ 21. Rxf1 Bxc4 22. bxc4 Rc8 23. Bxd4 Rxc4 24. Bxa7 Rxe4 25. Rb1 Ra4 26. Bg1 Rxa2 27. Rxb7 Bf6 28. g3 Rd2 29. Rb5 Be5 30. Ba7 Kf7 31. Bb8 Kf6 32. Ba7 Kf5 33. Rb7 h5 34. Rb5 g5 35. Kg1 h4 36.
Bf2 h3 37. Kf1 g4 38. Ke1 Rb2 39. Rxb2 Bxb2 40. Ke2 Ke4 41. Ba7 Bd4 0-1

[Event "*** SCC Grand Prix: Titled Tuesday Blitz"]
[Site "Chess.com"]
[Date "2020.06.23"]
[Round "4"]
[White "mbachez"]
[Black "GoltsevDmitry2000"]
[Result "1-0"]
[WhiteElo "2434"]
[BlackElo "2616"]
[TimeControl "180+1"]
[EndTime "10:38:08 PDT"]
[Termination "mbachez won by checkmate"]

1. e4 c5 2. Nf3 e6 3. g3 Nc6 4.
Bg2 a6 5. O-O Nge7 6. c3 d5 7.
exd5 Nxd5 8. d4 cxd4 9. Nxd4 Be7 10. Nxc6 bxc6 11. c4 O-O 12. cxd5 cxd5 13. Nc3 Bf6 14. Be3 Rb8 15. Bd4 Rxb2 16. Rc1 Bxd4 17. Qxd4 Bd7 18. Nxd5 Rxa2 19. Nc3 e5 20. Qd6 Rb2 21. Rfd1 Qg5 22. Ne4 Qf5 23. Qxd7 Qg6 24. Rc8 h6 25. Rxf8+ Kxf8 26.
Qd8# 1-0

[Event "*** SCC Grand Prix: Titled Tuesday Blitz"]
[Site "Chess.com"]
[Date "2020.06.23"]
[Round "4"]
[White "Ural_bogatyr"]
[Black "manitodeplomo"]
[Result "0-1"]
[WhiteElo "2341"]
[BlackElo "2541"]
[TimeControl "180+1"]
[EndTime "10:38:10 PDT"]
[Termination "manitodeplomo won by resignation"]

1. e4 e6 2. d4 d5 3. Bd3 dxe4 4. Bxe4 Nf6 5. Bf3 c5 6. Ne2 cxd4 7. Qxd4 Qxd4 8.
Nxd4 a6 9. O-O Bc5 10. Nb3 Ba7 11. Na5 Nd5 12. c4 Nb4 13. Nxb7 Nc2 14. Nd6+ Ke7 15. Nxc8+ Rxc8 16. Bxa8 Nxa1 17. Na3 Bc5 18. b3 Bd4 19. Rd1 e5 20. Bd5 Nc6 21. Kf1 Nb4 22. Bd2 Nxa2 23. Be3 Nxb3 24. Bxd4 Nxd4 25. f4 f6 26. fxe5 fxe5 27.
Kf2 Nc3 28. Rc1 Nxd5 0-1

[Event "*** SCC Grand Prix: Titled Tuesday Blitz"]
[Site "Chess.com"]
[Date "2020.06.23"]
[Round "4"]
[White "Gajuchess"]
[Black "AlanTate"]
[Result "1-0"]
[WhiteElo "2767"]
[BlackElo "2504"]
[TimeControl "180+1"]
[EndTime "10:38:11 PDT"]
[Termination "Gajuchess won on time"]

1. d4 d5 2. c4 c6 3. Nf3 Nf6 4. e3 Bg4 5. Nbd2 e6 6. h3 Bxf3 7. Nxf3 Bb4+ 8. Bd2 Qa5 9. Bd3 dxc4 10. Bxc4 Ne4 11. a3 Bxd2+ 12. Nxd2 Nxd2 13. Qxd2 Qxd2+ 14. Kxd2 Nd7 15. Rhc1 Ke7 16. b4 Rhd8 17. Be2 Nf6 18. Kc2 Ne4 19. Bf3 Nd6 20. Kb3 a5 21. a4 axb4 22.
Kxb4 g6 23. a5 Rdb8 24. Rcb1 Ra6 25. Be2 Ra7 26. Kc5 Rba8 27. a6 bxa6 28. Bd3 1-0

[Event "*** SCC Grand Prix: Titled Tuesday Blitz"]
[Site "Chess.com"]
[Date "2020.06.23"]
[Round "4"]
[White "GigaQuparadze"]
[Black "Azerichess"]
[Result "1-0"]
[WhiteElo "2831"]
[BlackElo "3029"]
[TimeControl "180+1"]
[EndTime "10:38:13 PDT"]
[Termination "GigaQuparadze won by resignation"]

1. e4 e5 2. Nf3 Nc6 3. Bb5 g6 4. c3 a6 5. Bxc6 dxc6 6. d4 exd4 7. cxd4 Bg7 8. h3 Ne7 9. O-O O-O 10. Nc3 h6 11.
Be3 f5 12. Re1 Kh7 13. Qd2 fxe4 14. Nxe4 Rxf3 15. gxf3 Bxh3 16. Ng5+ hxg5 17. Bxg5 Qd5 18. Bxe7 Qxf3 19. Qg5 Bxd4 20. Kh2 Bxf2 21. Bb4 Rg8 22. Bc3 Bc5 23. Qh4+ 1-0

[Event "*** SCC Grand Prix: Titled Tuesday Blitz"]
[Site "Chess.com"]
[Date "2020.06.23"]
[Round "4"]
[White "sertalzin"]
[Black "MYMChessAcademy"]
[Result "1-0"]
[WhiteElo "2027"]
[BlackElo "2229"]
[TimeControl "180+1"]
[EndTime "10:38:15 PDT"]
[Termination "sertalzin won by resignation"]

1. d4 Nf6 2. c4 g6 3. Nc3 Bg7 4. e4 d6 5. f4 O-O 6. Nf3 Nc6 7.
d5 Nb8 8. Bd3 Nbd7 9. O-O Nc5 10.
Bc2 a5 11. Be3 Nfd7 12. Qd2 b6 13. Rae1 e5 14. f5 Bb7 15. g4 Kh8 16. g5 Rg8 17. f6 Bf8 18. h4 Na6 19. Kf2 Nb4 20. Bb1 Nc5 21. a3 Nba6 22. Rh1 Bc8 23. Reg1 Bd7 24.
h5 Qc8 25. hxg6 Rxg6 26. Rh4 Nb3 27. Qd1 Nac5 28. Rgh1 1-0

[Event "*** SCC Grand Prix: Titled Tuesday Blitz"]
[Site "Chess.com"]
[Date "2020.06.23"]
[Round "4"]
[White "LogoCzar"]
[Black "murtas73"]
[Result "1-0"]
[WhiteElo "2461"]
[BlackElo "2627"]
[TimeControl "180+1"]
[EndTime "10:38:16 PDT"]
[Termination "LogoCzar won by checkmate"]

1. d4 Nf6 2. e3 e6 3. Bd3 c5 4. c3 b6 5. f4 Bb7 6. Nf3 g6 7.
Nbd2 Bg7 8. O-O O-O 9. e4 d6 10. e5 dxe5 11. fxe5 Nfd7 12. Ne4 cxd4 13. cxd4 Nc6 14.
Bg5 f6 15. exf6 Nxf6 16. Bc4 Qd7 17. Qb3 Nd5 18. Bb5 h6 19. Bd2 Rf5 20. Rac1 a6 21. Bd3 Nxd4 22. Nxd4 Bxd4+ 23. Kh1 Bg7 24. Ng3 Rxf1+ 25.
Rxf1 Ne7 26. Bb4 Rf8 27. Bxe7 Rxf1+ 28. Nxf1 Qxe7 29. Qxb6 Bd5 30. Bxg6 Qf6 31. Qb8+ Bf8 32. Bd3 a5 33. Qc7 Qg5 34. Qh7# 1-0

[Event "*** SCC Grand Prix: Titled Tuesday Blitz"]
[Site "Chess.com"]
[Date "2020.06.23"]
[Round "4"]
[White "Gahan-MG"]
[Black "Iljushin_Alexey"]
[Result "0-1"]
[WhiteElo "2507"]
[BlackElo "2716"]
[TimeControl "180+1"]
[EndTime "10:38:17 PDT"]
[Termination "Iljushin_Alexey won by resignation"]

1. e4 c6 2. d4 d5 3. exd5 cxd5 4. c4 Nf6 5. Nc3 Nc6 6. Nf3 Be6 7. Bg5 Ne4 8. c5 Nxc3 9. bxc3 f6 10. Bf4 Qd7 11.
h3 g6 12. Bb5 Bg7 13. O-O O-O 14. Re1 Bf7 15. Qa4 Rfe8 16. Rab1 g5 17. Bg3 Bh5 18.
Be2 Bg6 19. Rb2 e6 20. Qb3 Re7 21. Rd1 Rf7 22. c4 Be4 23. Qb5 h6 24. cxd5 exd5 25.
Qa4 Re8 26. Nh2 f5 27. Bd6 Nxd4 28. Rxd4 Qxa4 29. Rxa4 Bxb2 30. Bh5 d4 31. Rxa7 Bc6 32. Bxf7+ Kxf7 33. Nf3 d3 34. Nd2 Re1+ 35. Kh2 Bc3 36. Nc4 d2 37. Nxd2 Bxd2 38. Ra8 Bf4+ 39. Bxf4 gxf4 0-1

[Event "*** SCC Grand Prix: Titled Tuesday Blitz"]
[Site "Chess.com"]
[Date "2020.06.23"]
[Round "4"]
[White "MoreChessJulia"]
[Black "Loveforever_Pepi"]
[Result "0-1"]
[WhiteElo "1758"]
[BlackElo "2179"]
[TimeControl "180+1"]
[EndTime "10:38:17 PDT"]
[Termination "Loveforever_Pepi won by resignation"]

1. d4 d5 2. c4 e6 3. Nc3 c5 4. cxd5 exd5 5. Nf3 Nc6 6. e3 Nf6 7. a3 cxd4 8. Nxd4 Bd6 9. Bb5 Bd7 10. Nxc6 bxc6 11.
Be2 O-O 12. O-O Qe7 13. h3 Rfe8 14. f4 a5 15. Bd2 Rab8 16. Rb1 c5 17. Bf3 Bc6 18.
Kh1 h6 19. Qc1 Qb7 20. Nd1 Ne4 21. Bxe4 Rxe4 22. Nf2 Rc4 23. Qd1 d4 24. Qg4 Rc2 25. Rfd1 Rxb2 26. Rxb2 Qxb2 27. e4 Ba4 28. e5 Bxd1 29. Qxd1 Bf8 30. Kh2 Qb1 31. Qg4 Rb2 32. Bxa5 Rxf2 33. Bd8 Qe4 34. Bh4 Qxf4+ 0-1

[Event "*** SCC Grand Prix: Titled Tuesday Blitz"]
[Site "Chess.com"]
[Date "2020.06.23"]
[Round "4"]
[White "Konavets"]
[Black "Azatic"]
[Result "1-0"]
[WhiteElo "3007"]
[BlackElo "2563"]
[TimeControl "180+1"]
[EndTime "10:38:20 PDT"]
[Termination "Konavets won by checkmate"]

1. e4 c5 2. Nf3 e6 3. d4 cxd4 4. Bg5 Be7 5. Bxe7 Nxe7 6. Qxd4 O-O 7. Nc3 d5 8. O-O-O Nbc6 9. Qe3 Qa5 10. exd5 Nxd5 11. Nxd5 exd5 12. a3 Bf5 13. Bd3 Bxd3 14. Rxd3 Rad8 15. Rhd1 h6 16. Qd2 Qc5 17. Kb1 Rfe8 18.
h4 a6 19. Rb3 b5 20. Rd3 Ne5 21. Nxe5 Rxe5 22. Qf4 Rde8 23. Qd4 Qe7 24. f3 Qe6 25.
R3d2 Qg6 26. Qf2 Qc6 27. Qg3 a5 28. Qf4 Re2 29. g4 Rxd2 30. Qxd2 d4 31. f4 Qf3 32. g5 hxg5 33. hxg5 Re4 34. Rg1 Rxf4 35. Qxa5 Qe3 36. Qd8+ Kh7 37. g6+ Kh6 38. Qh8# 1-0

[Event "*** SCC Grand Prix: Titled Tuesday Blitz"]
[Site "Chess.com"]
[Date "2020.06.23"]
[Round "4"]
[White "BigAl"]
[Black "fabianvivasz"]
[Result "1-0"]
[WhiteElo "2452"]
[BlackElo "2280"]
[TimeControl "180+1"]
[EndTime "10:38:21 PDT"]
[Termination "BigAl won by resignation"]

1. e4 e5 2. Bc4 Nf6 3. d3 c6 4. Nf3 d5 5. Bb3 Bd6 6. Nc3 d4 7. Ne2 Na6 8. c3 dxc3 9. bxc3 O-O 10. O-O Nc5 11. Bc2 Bg4 12. Ng3 Re8 13. h3 Bd7 14. Re1 Ne6 15. d4 Nf8 16. dxe5 Bxe5 17. Nxe5 Rxe5 18. f4 Re8 19. Be3 Qa5 20. Bd4 Rad8 21.
Qf3 Be6 22. f5 Bc4 23. e5 Nd5 24. Ne4 c5 25. Nxc5 b6 26. Nb7 Qb5 27. Nxd8 Rxd8 28. e6 Nb4 1-0

[Event "*** SCC Grand Prix: Titled Tuesday Blitz"]
[Site "Chess.com"]
[Date "2020.06.23"]
[Round "4"]
[White "BikingBrian"]
[Black "CarlssonLudvig"]
[Result "0-1"]
[WhiteElo "2275"]
[BlackElo "2450"]
[TimeControl "180+1"]
[EndTime "10:38:21 PDT"]
[Termination "CarlssonLudvig won by resignation"]

1. d4 Nf6 2. Bg5 g6 3. Bxf6 exf6 4. e3 d5 5. g3 c6 6. Bg2 Bd6 7. Ne2 Nd7 8. b3 f5 9. O-O h5 10. c4 dxc4 11. bxc4 h4 12. c5 Bc7 13. d5 cxd5 14. Bxd5 Nxc5 15. Qd4 Rh5 16. Qxc5 f4 17. Nxf4 Bxf4 18.
exf4 Qxd5 19. Re1+ Be6 20. Qxd5 Rxd5 21. Nc3 Ra5 22.
Rad1 Rc8 23. Ne4 Ke7 24. Rd2 Rxa2 25. Rxa2 Bxa2 26. Nc5+ Be6 27. Nxb7 hxg3 28. hxg3 Rc7 29. Na5 Rc5 30. Ra1 Bd5 31. Kh2 Bf3 32. Ra3 Rh5+ 0-1